 Dungeon Crawl Stone Soup version 0.26-a0-667-g92642533e4 (webtiles) character file.

Game seed: 15947615979179404310

489928 Flugkiller the Severer (level 24, 0/173 HPs)
             Began as an Octopode Wanderer on Oct 15, 2020.
             Was the Champion of Wu Jian.
             Killed from afar by a golden dragon (57 damage)
             ... with a bolt of cold
             ... on level 5 of the Realm of Zot on Oct 16, 2020.
             The game lasted 03:14:02 (104571 turns).

Flugkiller the Severer (Octopode Wanderer)        Turns: 104571, Time: 03:14:02

Health: 0/173      AC: 11    Str: 13    XL:     24   Next: 70%
Magic:  28/28      EV: 33    Int: 27    God:    Wu Jian [******]
Gold:   4930       SH:  0    Dex: 24    Spells: 4/35 levels left

rFire    + + .     SeeInvis +   K - +8 battleaxe (freeze)
rCold    . . .     Faith    +   (shield currently unavailable)
rNeg     + + +     Spirit   .   y - +2 hat {MR+}
rPois    +         Reflect  .   e - amulet "Loymiydu" {Faith +Inv rF+}
rElec    .         Harm     .   p - +4 ring of protection
rCorr    .         Rampage  .   n - +6 ring of dexterity
MR       ++...                  w - +4 ring of protection (curse)
Stlth    +++++.....             q - +4 ring of slaying
HPRegen  0.38/turn              E - ring "Fiusex" {rF+ rN+ SInv}
MPRegen  0.21/turn              S - ring "Lyuxkil" {rPois rN++ Int+4 Stlth-}
                                o - +6 ring of intelligence
                                W - ring of wizardry

@: very slightly contaminated, bezotted
A: almost no armour, stealthy swim, amphibious, 8 rings, constrict 8, camouflage
1, low mp 1, gelatinous body 1
}: 3/15 runes: barnacled, abyssal, gossamer
a: Wall Jump, Serpent's Lash, Heavenly Storm, Renounce Religion, Evoke
Invisibility


You were on level 5 of the Realm of Zot.
You worshipped Wu Jian.
Wu Jian was exalted by your worship.
You visited 9 branches of the dungeon, and saw 48 of its levels.
You visited the Abyss 1 time.
You also visited: Volcano.

You collected 7653 gold pieces.
You spent 2723 gold pieces at shops.

Inventory:

Hand Weapons
 K - a +8 battleaxe of freezing (weapon)
   (You took it off Blork the orc on level 5 of the Dungeon)
Missiles
 J - 7 throwing nets (quivered)
Armour
 y - a +2 hat of magic resistance (worn)
   (You bought it in a shop on level 2 of the Orcish Mines)
Jewellery
 e - the amulet "Loymiydu" (around mantle) {Faith +Inv rF+}
   (You took it off a deep elf high priest on level 3 of the Elven Halls)

   [amulet of faith]

   It allows you to gain divine favour quickly.
   It protects you from fire.
   It lets you turn invisible.
 h - an uncursed ring of protection from fire
   (You found it on level 6 of the Dungeon)
 n - a +6 ring of dexterity (right tentacle)
   (You took it off a deep elf demonologist on level 3 of the Elven Halls)
 o - a +6 ring of intelligence (on tentacle)
   (You took it off a goblin on level 3 of the Dungeon)
 p - a +4 ring of protection (left tentacle)
   (You took it off a spriggan berserker on level 2 of the Depths)
 q - a +4 ring of slaying (on tentacle)
   (You found it on level 4 of the Depths)
 s - an uncursed ring of protection from magic
   (You found it on level 9 of the Dungeon)
 v - an uncursed ring of protection from cold
   (You found it on level 2 of the Lair of Beasts)
 w - a cursed +4 ring of protection (on tentacle)
   (You took it off an orc on level 2 of the Elven Halls)
 E - the ring "Fiusex" (on tentacle) {rF+ rN+ SInv}
   (You found it on level 1 of the Spider Nest)

   [ring of positive energy]

   It protects you from fire.
   It protects you from negative energy.
   It lets you see invisible.
 F - the amulet of Guel {+Blink rElec Regen+ Dex+2}
   (You found it on level 1 of the Spider Nest)

   [amulet of regeneration]

   It affects your dexterity (+2).
   It insulates you from electricity.
   It lets you blink.
   It increases your rate of regeneration.
 L - an uncursed ring of protection from magic
   (You took it off a deep elf elementalist on level 3 of the Elven Halls)
 S - the ring "Lyuxkil" (on tentacle) {rPois rN++ Int+4 Stlth-}
   (You took it off a deep elf annihilator on level 3 of the Elven Halls)

   [ring of attention]

   It affects your intelligence (+4).
   It protects you from poison.
   It greatly protects you from negative energy.
   It makes you less stealthy.
 W - a ring of wizardry (on tentacle)
   (You found it on level 4 of the Lair of Beasts)
Wands
 b - a wand of paralysis (7)
 m - a wand of disintegration (18)
   (You found it on level 14 of the Dungeon)
 u - a wand of acid (37)
   (You found it on level 2 of the Dungeon)
 G - a wand of enslavement (24)
   (You found it on level 7 of the Dungeon)
 N - a wand of digging (7)
   (You found it on level 8 of the Dungeon)
 R - a wand of iceblast (47)
   (You found it on level 11 of the Dungeon)
Scrolls
 a - 14 scrolls of teleportation
 f - 28 scrolls of remove curse
 i - 9 scrolls of magic mapping
 r - 7 scrolls of amnesia
 t - 3 scrolls of blinking
 x - 6 scrolls of immolation
 z - 2 scrolls of fear
 A - 7 scrolls of fog
 O - 9 scrolls of summoning
 U - a scroll of holy word
 V - 24 scrolls of identify
 Y - 3 scrolls of vulnerability
Potions
 c - 23 potions of curing
 d - a potion of heal wounds
 g - 3 potions of resistance
 j - 7 potions of berserk rage
 l - 12 potions of magic
 B - 6 potions of mutation
 D - 9 potions of stabbing
 H - 3 potions of haste
 I - 10 potions of brilliance
 M - 6 potions of flight
 Q - 4 potions of cancellation
 T - 5 potions of ambrosia
 X - 2 potions of invisibility
 Z - 8 potions of might
Miscellaneous
 k - a phantom mirror
   (You found it on level 12 of the Dungeon)
 C - a condenser vane (2/2)
   (You bought it in a shop on level 2 of the Orcish Mines)
 P - a box of beasts (3/3)
   (You found it on level 3 of the Elven Halls)


   Skills:
 + Level 16.6 Fighting
 - Level 20.0 Axes
 - Level 20.0 Dodging
 - Level 10.0 Stealth
 - Level 6.0 Spellcasting
 - Level 10.0 Hexes
 - Level 16.5 Summonings
 - Level 12.0 Translocations
   Level 9.0 Ice Magic
   Level 2.0 Earth Magic
 - Level 12.0 Evocations


You had 4 spell levels left.
You knew the following spells:

 Your Spells              Type           Power        Failure   Level
a - Summon Mana Viper     Hex/Summ       ######..     1%          5
b - Monstrous Menagerie   Summ           #######...   2%          7
c - Summon Forest         Summ/Tloc      ######....   1%          5
d - Malign Gateway        Summ/Tloc      ######....   6%          7
e - Cause Fear            Hex            ######....   1%          4
f - Confusing Touch       Hex            ######..     1%          3

Your spell library contained the following spells:

 Spells                   Type           Power        Failure   Level
 Summon Small Mammal      Summ           ####         0%          1
 Call Imp                 Summ           #######.     0%          2
 Apportation              Tloc           ######       1%          1
 Corona                   Hex            ######.      1%          1
 Freeze                   Ice            ####         1%          1
 Sandblast                Erth           ###...       1%          1
 Blink                    Tloc           N/A          1%          2
 Ensorcelled Hibernation  Hex/Ice        ######       1%          2
 Slow                     Hex            ######..     1%          2
 Dazzling Flash           Conj/Hex       #####.       1%          3
 Frozen Ramparts          Ice            ######       1%          3
 Gell's Gravitas          Tloc           ######....   1%          3
 Inner Flame              Hex/Fire       #####...     1%          3
 Lesser Beckoning         Tloc           ######....   1%          3
 Ozocubu's Armour         Ice            ######..     1%          3
 Portal Projectile        Hex/Tloc       ######       1%          3
 Tukima's Dance           Hex            ######..     1%          3
 Summon Ice Beast         Ice/Summ       ######..     1%          4
 Animate Skeleton         Necr           #.....       2%          1
 Foxfire                  Conj/Fire      #...         2%          1
 Magic Dart               Conj           #...         2%          1
 Passwall                 Tmut/Erth      ##......     2%          2
 Leda's Liquefaction      Hex/Erth       #####.....   2%          4
 Corpse Rot               Necr/Air       N/A          4%          2
 Sublimation of Blood     Necr           #.........   4%          2
 Hailstorm                Conj/Ice       ####....     4%          4
 Ice Form                 Ice/Tmut       ####....     4%          4
 Stone Arrow              Conj/Erth      ##....       5%          3
 Conjure Flame            Conj/Fire      #.......     8%          3
 Ignite Poison            Fire/Tmut/Pois #.......     8%          3
 Mephitic Cloud           Conj/Pois/Air  #.......     8%          3
 Petrify                  Tmut/Erth      ##......     16%         4
 Dispel Undead            Necr           #.......     26%         4
 Sticky Flame             Conj/Fire      #.......     26%         4
 Metabolic Englaciation   Hex/Ice        ######....   1%          5
 Summon Demon             Summ           #######...   1%          5
 Shadow Creatures         Summ           N/A          1%          6
 Summon Greater Demon     Summ           #######...   2%          7
 Summon Hydra             Summ           #######...   2%          7
 Invisibility             Hex            ######..     6%          6
 Yara's Violent Unravell  Hex/Tmut       #####.....   9%          5
 Ozocubu's Refrigeration  Ice            ######....   10%         6
 Summon Horrible Things   Summ           #######...   19%         8
 Lee's Rapid Deconstruct  Erth           ###.......   30%         5
 Bolt of Magma            Conj/Fire/Erth ##........   45%         5
 Simulacrum               Ice/Necr       ####......   50%         6
 Agony                    Necr           #.......     54%         5
 Alistair's Intoxication  Tmut/Pois      #........    54%         5
 Excruciating Wounds      Necr           #.........   54%         5
 Fireball                 Conj/Fire      #.........   54%         5
 Irradiate                Conj/Tmut      #.........   54%         5
 Iskenderun's Battlesphe  Conj           #.......     54%         5
 Haunt                    Necr/Summ      ######....   56%         7
 Spellforged Servitor     Conj/Summ      ######....   56%         7
 Freezing Cloud           Conj/Ice/Air   ###.......   71%         6
 Iron Shot                Conj/Erth      ##........   92%         6
 Statue Form              Tmut/Erth      ##.......    92%         6
 Eringya's Noxious Bog    Tmut/Pois      #.........   98%         6
 Hydra Form               Tmut           #.........   98%         6
 Starburst                Conj/Fire      #.........   98%         6
 Dragon Form              Tmut           #.........   100%        7
 Borgnjor's Revivificati  Necr           #.........   100%        8
 Ignition                 Fire           #.........   100%        8
 Infestation              Necr           #.........   100%        8
 Necromutation            Tmut/Necr      #.........   100%        8
 Death's Door             Necr           #.........   100%        9
 Shatter                  Erth           ###.......   100%        9


Dungeon Overview and Level Annotations

Branches:
Dungeon (15/15)            Temple (0/1) D:6            Lair (6/6) D:10
 Shoals (4/4) Lair:3       Spider (4/4) Lair:3        Slime (0/5) Lair:6
    Orc (2/2) D:12            Elf (3/3) Orc:2        Vaults (4/5) D:13
  Crypt (0/3) Vaults:2     Depths (5/5) D:15            Zot (5/5) Depths:5
Volcano (visited)

Altars:
Ashenzari
Dithmenos
Fedhas
Kikubaaqudgha
Makhleb
Nemelex Xobeh
Okawaru
Sif Muna
Trog
Uskayaw
Vehumet
Wu Jian
Yredelemnul
Zin
Beogh
Jiyva

Shops:
D:5 :   Orc:2 }*[?[   Elf:1 (*([:   Vaults:1 ?   Depths:1 }=}

Portals:
Hell: Depths:1 Depths:2 Depths:3 Depths:4 Depths:5
Abyss: Depths:4
Pandemonium: Depths:1 Depths:2 Depths:3
Ziggurat: Depths:5
Trove: Depths:1 (give 4 scrolls of blinking)

Annotations:
D:1 exclusion: downstairs
D:6 exclusion: hound, Grinder
D:13 exclusion: wyvern, Rupert
D:14 exclusion: fire dragon
D:15 exclusion: door
Lair:2 exclusion: electric eel
Lair:4 exclusion: 2 oklob plants
Lair:5 exclusion: 2 oklob plants
Shoals:2 exclusion: death yak, Polyphemus
Spider:2 exclusion: demonic crawler, Jorgrun
Orc:2 Grim's ghost, journeyman MiBe
Elf:2 5 runed translucent doors


Innate Abilities, Weirdness & Mutations

You cannot wear most types of armour.
You are very stealthy in the water. (Stealth+)
You are amphibious.
You can wear up to eight rings at the same time.
You can use your tentacles to constrict eight enemies at once.
Your skin changes colour to match your surroundings (Stealth+).
Your rubbery body absorbs attacks. (AC +1, EV +1)
Your magical capacity is low. (-10% MP)


Message History

You open the purple draconian like a pillowcase!!!!
The purple draconian seems to slow down.
You freeze the purple draconian. You grab the purple draconian.
The purple draconian is almost dead.
You constrict the purple draconian, but do no damage.
You slash the purple draconian! You freeze the purple draconian.
You kill the purple draconian!
The Council accepts your kill.
Things that are here:
a +0 scimitar; a purple draconian corpse You flicker for a moment.
Found a fading plate armour.
Found a stone staircase leading up.
Found a potion of magic.
Found a scroll of summoning.
You flicker back into view.
Found 26 gold pieces.
A golden dragon comes into view.
You see here a potion of magic.
You see here a potion of magic.
l - 12 potions of magic (gained 1)
O - 9 scrolls of summoning (gained 1)
There are no items here.
The golden dragon roars deafeningly!
You hear a deafening roar!
The golden dragon breathes poison at you.
The blast of poison misses you.
You lunge at the golden dragon.
You slash the golden dragon! You freeze the golden dragon.
You squeeze the golden dragon, but do no damage.
The golden dragon is lightly wounded.
The golden dragon bites you!! The golden dragon claws you!
The golden dragon closely misses you.
You hit the golden dragon but do no damage.
You squeeze the golden dragon, but do no damage.
The golden dragon is lightly wounded.
The golden dragon bites you!
The golden dragon completely misses you.
The golden dragon misses you.
You barely miss the golden dragon.
You squeeze the golden dragon, but do no damage.
The golden dragon is lightly wounded.
The golden dragon bites you!!
The golden dragon completely misses you.
The golden dragon tramples you.
You stumble backwards!
A storm dragon comes into view.
The storm dragon breathes lightning at you.
The bolt of lightning hits you!!
* * * LOW HITPOINT WARNING * * *
The golden dragon breathes cold at you. The bolt of cold hits you!!!
You die...

,,,,,**** #.<.#...#***,,,,,***
,,,,^,,.######........*****,,,,**
,,,,,,,...D......#####,,****,,,,*
,,,,***#.........# ***,****,,,,
,,*** #.........# **,****,,^ ,**
*#........○## **,,***,, ,*
***.......##.°# **,,,**, **
**,,.......*##°### *,,,,,,
****,,,.....$.*#@○D.#** **,**,,
,,,,,,,...##...°##○...# ****,****
,,,,,,,,.#*#..#.,##...#**,,,,** *
,,*,,,,****#.,##,**##...,,,,,,***
,,*,,,** #.,,**,,,**#.#..,,,,,,,
,,,,,*****#,,⌠***,,,,,##*.,,,,,,,
,,,,,,**,,,,,,******,,* *,,,***,,
,,,,,,,,,,,,,,,,* **,* *,,,,***,
,,,,,,,,*,,,*,******,,***,,,,***,


You could see a golden dragon (catching breath).

Vanquished Creatures
  Boris (Depths:3)
  Sojobo (Depths:3)
  A curse toe (Zot:3)
  Saint Roka (Vaults:1)
  Nikola (Depths:2)
  4 golden dragons
  A bone dragon (Abyss:3)
  2 liches (Depths:2)
  An electric golem (Zot:1)
  4 tentacled monstrosities
  3 deep elf blademasters (Elf:3)
  2 deep elf master archers (Elf:3)
  Kirke (D:12)
  A sphinx (Depths:2)
  3 storm dragons (Zot:3)
  A tentacled starspawn (Abyss:3)
  3 draconian monks (Zot:1)
  2 shadow dragons
  The ghost of Wyux the Geomancer, an adept GrEE of Vehumet (Spider:1)
  8 tengu reavers
  3 fire giants (Depths:3)
  3 deep elf sorcerers
  Aizul (Depths:1)
  3 ghost moths
  2 iron dragons
  3 emperor scorpions
  2 draconian scorchers
  6 frost giants
  3 vault wardens
  A draconian shifter (Zot:1)
  2 draconian stormcallers
  12 deep elf elementalists (Elf:3)
  13 stone giants
  17 very ugly things
  2 vampire knights (Depths:2)
  9 ironheart preservers
  A war gargoyle (Vaults:3)
  5 deep elf demonologists (Elf:3)
  3 green draconians
  2 black draconians
  A spark wasp (shapeshifter) (Depths:2)
  9 deep elf annihilators
  A dire elephant (Lair:6)
  6 white draconians
  11 spark wasps
  6 purple draconians
  3 red draconians
  3 yellow draconians
  2 jiangshi (Depths:4)
  4 deep elf death magi (Elf:3)
  10 merfolk impalers
  6 fire dragons
  2 ettins
  6 merfolk javelineers (Shoals:4)
  4 deep elf high priests
  12 yaktaur captains
  6 boulder beetles
  Harold (Lair:1)
  11 great orbs of eyes
  3 rakshasas
  4 vault guards
  2 hydras
  6 centaur warriors
  2 spriggan air magi (Depths:3)
  An anaconda (shapeshifter) (D:12)
  9 ice dragons
  A catoblepas (Lair:3)
  3 death knights
  6 deep troll shamans
  32 two-headed ogres
  3 death yaks
  8 ogre magi
  6 tengu warriors
  14 dancing weapons
  12 spriggan berserkers
  4 deep troll earth magi
  4 orc high priests
  A shock serpent (shapeshifter) (Depths:2)
  A spriggan (Depths:2)
  2 vampire magi (Depths:4)
  A sun demon (Depths:1)
  14 deep elf knights
  An iron troll (Depths:4)
  A sixfirhy (Depths:1)
  9 sea snakes
  5 large abominations
  A fire crab (Spider:4)
  An unseen horror (shapeshifter) (Vaults:2)
  A skeletal warrior (Vaults:2)
  A flayed ghost (Depths:2)
  A spark wasp zombie (Depths:1)
  A spatial maelstrom (Abyss:4)
  6 unseen horrors
  12 deep trolls
  A swamp dragon (shapeshifter) (Vaults:1)
  2 lindwurms (Lair:6)
  9 glowing orange brains
  A phantasmal warrior (Vaults:4)
  17 deep elf archers
  Pikel (D:6)
  5 ironbrand convokers
  6 orc knights
  6 wizards
  14 harpies
  A wolf spider zombie (D:15)
  21 wolf spiders
  5 orb spiders
  A necromancer (Depths:1)
  A tengu skeleton (Depths:1)
  19 manticores
  64 deep elf magi
  40 ugly things
  3 fauns (Shoals:2)
  An orc sorcerer (Vaults:1)
  11 moths of wrath
  7 cyclopes
  2 elephants (Lair:6)
  2 salamanders (Depths:3)
  2 smoke demons
  Psyche (D:8)
  10 black mambas
  10 merfolk sirens
  2 guardian serpents (shapeshifter)
  8 vault sentinels
  15 eyes of devastation (Depths:4)
  5 water nymphs
  13 cane toads
  A torpor snail (Lair:6)
  2 gargoyles (D:15)
  A hellion (Depths:1)
  35 yaktaurs
  2 efreet (D:15)
  A komodo dragon (shapeshifter) (Depths:5)
  2 rime drakes (shapeshifter)
  8 kobold demonologists
  2 demonic crawlers (Spider:2)
  4 rime drakes
  4 komodo dragons
  A redback zombie (D:13)
  2 tengu conjurers
  A hellwing (Depths:1)
  8 freezing wraiths
  A yaktaur skeleton (Depths:1)
  8 wind drakes
  A red devil (Depths:1)
  8 hornets
  10 polar bears
  12 trolls
  17 jumping spiders
  28 merfolk
  A harpy skeleton (D:15)
  2 meliai (Spider:2)
  11 raiju
  A slime creature (shapeshifter) (Depths:2)
  A polar bear (shapeshifter) (Vaults:1)
  20 slime creatures
  9 blink frogs
  A fire giant simulacrum (Vaults:1)
  7 snapping turtles
  3 dream sheep
  3 shadows
  Sigmund (D:2)
  A ynoxinul (Abyss:4)
  A vampire (D:12)
  2 air elementals (Elf:1)
  6 nameless horrors
  A tarantella (shapeshifter) (Vaults:1)
  3 wraiths
  14 water elementals
  25 tarantellas
  A spriggan (shapeshifter) (Depths:1)
  5 wyverns
  49 redbacks
  A basilisk (shapeshifter) (Depths:4)
  7 fire bats (Volcano)
  2 hogs (D:12)
  51 yaks
  6 fire elementals
  3 golden eyes (Depths:4)
  2 golden eyes (shapeshifter)
  2 basilisks
  A chaos spawn (Abyss:4)
  2 neqoxecs (Abyss:3)
  12 wargs
  2 vampire mosquitoes (D:15)
  An acid dragon (D:14)
  15 water moccasins
  A floating eye (shapeshifter) (Vaults:2)
  13 hell hounds (Lair:6)
  2 floating eyes
  28 orc warriors
  A hornet zombie (D:11)
  A swamp drake (D:12)
  A black bear (shapeshifter) (Vaults:3)
  A phantom (D:8)
  13 black bears
  5 ice beasts
  2 necrophages
  6 sky beasts
  A boulder beetle simulacrum (Vaults:2)
  17 wolves
  2 eyes of draining
  A boggart (Vaults:2)
  24 ogres
  8 centaurs
  A lemure (D:8)
  Blork the orc (D:5)
  30 bullfrogs
  3 earth elementals
  10 big kobolds
  A deep troll simulacrum (Vaults:1)
  A wyvern zombie (D:12)
  A wyvern skeleton (D:13)
  A small abomination (Abyss:3)
  3 scorpions
  15 killer bees
  16 wights
  4 howler monkeys
  An electric eel (Spider:4)
  6 centaur zombies
  4 quasits
  6 lava snakes (Volcano)
  3 bullfrog zombies
  39 orc priests
  11 hounds
  6 centaur skeletons
  3 jellies
  4 bullfrog skeletons
  5 iguanas
  Natasha (twice) (D:2)
  10 hell rats
  2 spectral orcs (Orc:2)
  27 orc wizards
  16 worker ants
  2 lightning spires (Abyss:4)
  A killer bee zombie (D:6)
  2 hound zombies
  2 hound skeletons
  A worker ant zombie (D:4)
  7 gnolls
  4 river rats (D:10)
  14 adders
  An ogre simulacrum (Orc:2)
  5 shadow imps
  3 white imps
  5 ufetubi
  An ooze (D:6)
  2 orc simulacra (Orc:2)
  An adder skeleton (D:4)
  An adder zombie (D:5)
  4 worms
  6 dart slugs
  5 leopard geckos
  103 orcs
  11 bats
  3 giant cockroaches
  12 goblins
  8 hobgoblins
  4 jackals
  9 quokkas
  A ball python (D:2)
  5 frilled lizards
  A giant cockroach zombie (D:5)
  A jackal skeleton (D:4)
  25 kobolds
  A quokka skeleton (D:9)
  A quokka zombie (D:8)
  4 rats
  2 starspawn tentacles (Abyss:3)
1775 creatures vanquished.

Vanquished Creatures (collateral kills)
  Mara (Spider:4)
  A caustic shrike (Depths:2)
  2 golden dragons
  2 bone dragons
  Arachne (Spider:2)
  A deep elf master archer (Elf:3)
  A sphinx (Depths:3)
  Agnes (Spider:4)
  2 tengu reavers
  2 frost giants
  A fire giant (Depths:2)
  A deep elf sorcerer (Elf:3)
  2 ghost moths (Spider:4)
  2 vault wardens
  2 emperor scorpions (Spider:4)
  Louise (Shoals:2)
  5 very ugly things
  A purple draconian (Depths:5)
  A spark wasp (Depths:2)
  A merfolk javelineer (Shoals:4)
  2 ettins
  A green death (Abyss:3)
  2 fire dragons
  A merfolk impaler (Shoals:1)
  3 deep elf high priests
  2 great orbs of eyes
  A yaktaur captain (Depths:3)
  8 hydras
  4 boulder beetles
  2 merfolk avatars
  2 ice dragons
  A rakshasa (Depths:4)
  A catoblepas (D:15)
  A spriggan air mage (Depths:3)
  10 two-headed ogres
  2 alligator snapping turtles (Shoals:4)
  A death knight (Vaults:4)
  An anaconda (shapeshifter) (Elf:2)
  3 ogre magi
  2 death yaks (Lair:6)
  An orc high priest (Orc:2)
  A spriggan berserker (Depths:4)
  A deep elf knight (Elf:1)
  A hell knight (Depths:3)
  A sea snake (Shoals:4)
  An iron troll (Depths:4)
  An unseen horror (shapeshifter) (Vaults:2)
  5 deep trolls
  2 wizards
  A lindwurm (Lair:6)
  An ironbrand convoker (Vaults:3)
  2 harpies
  3 deep elf magi
  5 orb spiders
  4 ugly things
  2 orc knights
  5 orc sorcerers
  A faun (Shoals:2)
  8 wolf spiders
  3 moths of wrath
  3 merfolk sirens
  2 water nymphs (Shoals:4)
  A cane toad (Lair:6)
  A black mamba (Lair:6)
  5 vault sentinels
  A cane toad (shapeshifter) (Vaults:1)
  A gargoyle (D:12)
  3 yaktaurs (D:15)
  3 demonic crawlers
  2 rime drakes
  3 komodo dragons
  A hellwing (Abyss:3)
  A tengu conjurer (Depths:3)
  3 freezing wraiths
  2 polar bears
  A meliai (Spider:2)
  2 blink frogs (Lair:4)
  10 jumping spiders
  6 merfolk
  3 hornets (Spider:4)
  3 wind drakes
  2 dream sheep (Shoals:3)
  2 trolls (Orc:1)
  14 slime creatures
  A stone giant simulacrum (Vaults:4)
  A snapping turtle (Shoals:4)
  A fire giant simulacrum (Vaults:3)
  An ice dragon skeleton (Depths:1)
  22 redbacks
  10 tarantellas
  2 yaks
  2 wraiths (Vaults:2)
  A fire elemental (Elf:1)
  3 wargs
  A water moccasin (Lair:4)
  A tengu skeleton (Depths:1)
  A small abomination (Abyss:3)
  A black bear (shapeshifter) (Depths:2)
  3 orc warriors (Orc:2)
  A black bear (Lair:6)
  An eye of draining (Abyss:3)
  4 ogres
  A centaur (Shoals:1)
  An earth elemental (Elf:1)
  A bullfrog (Lair:4)
  A killer bee (D:9)
  A lava snake (Volcano)
  2 orc priests (Orc:2)
  An orc wizard (Orc:2)
  An ogre simulacrum (Orc:2)
  6 orcs
277 creatures vanquished.

Vanquished Creatures (others)
  A lich (Depths:2)
  An eldritch tentacle (Depths:5)
  A death cob (Zot:1)
  A draconian monk (Zot:1)
  A fire giant (Depths:2)
  A draconian stormcaller (Zot:1)
  A great orb of eyes (Depths:3)
  A deep troll (Depths:2)
  A deep elf mage (Elf:2)
  A snapping turtle (Shoals:4)
  A human (D:12)
  A killer bee (D:9)
  2 ogres (Vaults:3)
  2 centaurs
  A kobold (D:13)
  44 fungi
  96 plants
  9 snaplasher vines
  4 starspawn tentacles (Abyss:3)
170 creatures vanquished.

Grand Total: 2222 creatures vanquished

Notes
Turn   | Place    | Note
-------+----------+-------------------------------------------
     0 | D:1      | Flugkiller the Octopode Wanderer began the quest for the
                  | Orb.
     0 | D:1      | Flugkiller set off with the following items: a +0 hand axe,
                  | a wand of paralysis (15), a potion of curing
     0 | D:1      | Reached XP level 1. HP: 14/14 MP: 2/2
   183 | D:1      | Reached skill level 1 in Dodging
   674 | D:1      | Reached XP level 2. HP: 19/19 MP: 3/3
  1276 | D:2      | Reached XP level 3. HP: 24/24 MP: 4/4
  1506 | D:2      | Reached XP level 4. HP: 28/29 MP: 5/5
  1605 | D:2      | Found a blossoming altar of Fedhas.
  1852 | D:2      | Found an ornate altar of the Wu Jian Council.
  2019 | D:2      | Reached XP level 5. HP: 31/34 MP: 3/6
  2029 | D:2      | Noticed Sigmund
  2158 | D:2      | Killed Sigmund
  2158 | D:2      | Reached XP level 6. HP: 23/42 MP: 3/7
  2473 | D:2      | Noticed Natasha
  2482 | D:2      | Killed Natasha
  2786 | D:2      | Became a worshipper of the Wu Jian Council
  2813 | D:2      | Noticed Natasha
  2823 | D:2      | Killed Natasha
  3075 | D:3      | Reached skill level 5 in Dodging
  3204 | D:3      | Reached * piety under Wu Jian
  3355 | D:3      | Reached XP level 7. HP: 39/46 MP: 8/8
  4088 | D:4      | Found a basalt altar of Yredelemnul.
  4088 | D:4      | Found a shimmering blue altar of Sif Muna.
  4088 | D:4      | Found a sparkling altar of Nemelex Xobeh.
  4088 | D:4      | Found a burning altar of Makhleb.
  4107 | D:4      | Found a broken altar of Ashenzari.
  4107 | D:4      | Found a hide-covered altar of Uskayaw.
  4562 | D:4      | Reached skill level 5 in Axes
  4941 | D:5      | Entered Level 5 of the Dungeon
  5034 | D:5      | Found a glowing silver altar of Zin.
  5349 | D:5      | Reached XP level 8. HP: 52/52 MP: 9/9
  5410 | D:5      | Noticed Blork the orc
  5423 | D:5      | Found Melit's Book Emporium.
  5938 | D:5      | Found a shadowy altar of Dithmenos.
  6338 | D:6      | Reached ** piety under Wu Jian
  6355 | D:6      | Noticed Grinder
  6559 | D:6      | Found a staircase to the Ecumenical Temple.
  7116 | D:6      | Reached XP level 9. HP: 58/58 MP: 10/10
  7329 | D:5      | Killed Blork the orc
  8342 | D:8      | Noticed Pikel
  8577 | D:6      | Killed Pikel
  8795 | D:8      | Reached skill level 5 in Evocations
  8838 | D:8      | Reached *** piety under Wu Jian
  8856 | D:8      | Reached skill level 5 in Fighting
  8942 | D:8      | Found a radiant altar of Vehumet.
  8978 | D:8      | Noticed a troll
  8996 | D:8      | Reached XP level 10. HP: 58/66 MP: 7/11
  9114 | D:8      | Noticed Psyche
  9132 | D:8      | Killed Psyche
  9977 | D:9      | Noticed a kobold demonologist
 10001 | D:9      | Killed a kobold demonologist
 10001 | D:9      | Reached skill level 10 in Axes
 10201 | D:9      | Noticed a kobold demonologist
 10220 | D:9      | Noticed a rust devil
 10220 | D:9      | Killed a kobold demonologist
 10847 | D:9      | Reached **** piety under Wu Jian
 11480 | D:10     | Entered Level 10 of the Dungeon
 11596 | D:10     | Reached XP level 11. HP: 45/71 MP: 6/12
 11823 | D:10     | Noticed a death yak
 11891 | D:10     | Found an iron altar of Okawaru.
 12021 | D:10     | Noticed a two-headed ogre
 12033 | D:10     | Killed a two-headed ogre
 12033 | D:10     | Reached skill level 10 in Dodging
 12044 | D:10     | Noticed a death yak
 12045 | D:10     | Noticed a death yak
 12312 | D:10     | Found a staircase to the Lair.
 12859 | D:9      | Killed a death yak
 15596 | D:5      | Bought a book of Frost for 420 gold pieces
 15600 | D:5      | Learned a level 3 spell: Frozen Ramparts
 15996 | D:11     | Reached skill level 1 in Ice Magic
 16212 | D:11     | Noticed a two-headed ogre
 16482 | D:11     | Noticed a red ugly thing
 16489 | D:11     | Killed a red ugly thing
 16597 | D:11     | Reached skill level 5 in Ice Magic
 16708 | D:11     | Killed a two-headed ogre
 16708 | D:11     | Reached XP level 12. HP: 62/79 MP: 9/15
 16788 | D:11     | Learned a level 4 spell: Summon Ice Beast
 17078 | D:11     | Reached skill level 1 in Summonings
 17400 | Lair:1   | Entered Level 1 of the Lair of Beasts
 17774 | Lair:1   | Noticed a boulder beetle
 17784 | Lair:1   | Killed a boulder beetle
 17784 | Lair:1   | Reached skill level 5 in Summonings
 17805 | Lair:1   | Reached ***** piety under Wu Jian
 18375 | Lair:2   | Noticed Harold
 18396 | Lair:1   | Killed Harold
 18540 | Lair:2   | Noticed a seven-headed hydra
 18847 | Lair:2   | Killed a seven-headed hydra
 19839 | Lair:3   | Noticed a five-headed hydra
 20225 | Lair:3   | Killed a five-headed hydra
 20389 | Lair:3   | Found a hole to the Spider Nest.
 20537 | Lair:3   | Noticed a catoblepas
 20925 | Lair:3   | Killed a catoblepas
 20925 | Lair:3   | Reached XP level 13. HP: 40/86 MP: 4/17
 21208 | Lair:3   | Found a staircase to the Shoals.
 25103 | Lair:6   | Entered Level 6 of the Lair of Beasts
 25130 | Lair:6   | Found a dark tunnel.
 25255 | Volcano  | Entered a volcano
 25719 | Volcano  | Noticed a red draconian
 25809 | Volcano  | Killed a red draconian
 25920 | Volcano  | Found a radiant altar of Vehumet.
 25936 | Volcano  | Found a radiant altar of Vehumet.
 26604 | Lair:6   | Reached XP level 14. HP: 51/94 MP: 9/18
 26809 | Lair:6   | Found a viscous altar of Jiyva.
 26809 | Lair:6   | Found a staircase to the Slime Pits.
 30004 | Lair:6   | Reached skill level 10 in Fighting
 30643 | Lair:6   | Noticed a dire elephant
 31817 | Lair:6   | Killed a dire elephant
 31829 | Lair:6   | Got a crude war axe
 31832 | Lair:6   | Identified the +1 war axe "Toxtum" {speed, rPois Int+4}
                  | (You found it on level 6 of the Lair of Beasts)
 32185 | D:12     | Got a polished flail
 32206 | D:12     | Found a staircase to the Orcish Mines.
 32477 | D:12     | Noticed Kirke
 33250 | D:12     | Killed Kirke
 33363 | D:12     | Reached XP level 15. HP: 94/103 MP: 16/19
 33701 | D:12     | Reached skill level 10 in Summonings
 35038 | D:13     | Found a gate to the Vaults.
 35594 | D:13     | Learned a level 5 spell: Summon Mana Viper
 35669 | D:13     | Reached skill level 1 in Hexes
 35747 | D:13     | Noticed Rupert
 36245 | D:13     | Reached ****** piety under Wu Jian
 38670 | D:15     | Entered Level 15 of the Dungeon
 38880 | D:15     | Reached skill level 5 in Hexes
 40755 | D:15     | Found a staircase to the Depths.
 42194 | Orc:1    | Entered Level 1 of the Orcish Mines
 42732 | Orc:1    | Reached XP level 16. HP: 101/109 MP: 12/22
 42753 | Orc:1    | Paralysed by an orc sorcerer for 3 turns
 43602 | Orc:2    | Entered Level 2 of the Orcish Mines
 43602 | Orc:2    | Found Ilonex's Armour Emporium.
 43608 | Orc:2    | Bought a +0 hat of magic resistance for 176 gold pieces
 43721 | Orc:2    | Found a roughly hewn altar of Beogh.
 43974 | Orc:2    | Found a staircase to the Elven Halls.
 44487 | Orc:2    | Found Lioqane's General Store.
 44487 | Orc:2    | Found Vits's Gadget Shoppe.
 44488 | Orc:2    | Found Copitaxu's Antique Armour Emporium.
 44492 | Orc:2    | Found Qaivaot's Magic Scroll Emporium.
 44511 | Orc:2    | Reached skill level 15 in Axes
 44738 | Orc:2    | Bought a condenser vane (2/2) for 240 gold pieces
 44740 | Orc:2    | Bought a scroll of teleportation for 45 gold pieces
 44740 | Orc:2    | Bought a scroll of summoning for 142 gold pieces
 44763 | Orc:2    | Found a runed translucent gate.
 44763 | Orc:2    | Found a runed translucent gate.
 44763 | Orc:2    | Found a runed translucent gate.
 44768 | Orc:2    | Noticed Grim's ghost (journeyman MiBe)
 45404 | Lair:3   | Upgraded the game from 0.26-a0-665-gefeb406119 to
                  | 0.26-a0-667-g92642533e4
 45405 | Spider:1 | Entered Level 1 of the Spider Nest
 45532 | Spider:1 | Found a transporter.
 45548 | Spider:1 | Noticed Wyux's ghost (adept GrEE)
 46195 | Spider:1 | Found a transporter.
 47430 | Spider:1 | Learned a level 5 spell: Summon Forest
 50153 | Spider:2 | Noticed Arachne
 50402 | Spider:2 | Killed Arachne
 50900 | Spider:2 | Noticed Jorgrun
 53563 | Spider:3 | Identified a scroll of acquirement
 53566 | Spider:3 | Acquired 1003 gold pieces
 53845 | Spider:4 | Entered Level 4 of the Spider Nest
 53979 | Spider:4 | Noticed Agnes
 53991 | Spider:4 | Killed Agnes
 54213 | Spider:4 | Reached XP level 17. HP: 115/115 MP: 4/23
 54235 | Spider:4 | Reached skill level 15 in Dodging
 55248 | Spider:4 | Noticed Mara
 55603 | Spider:4 | Noticed Flugkiller's illusion
 55751 | Spider:4 | Noticed Flugkiller's illusion
 55852 | Spider:4 | Noticed Flugkiller's illusion
 56044 | Spider:4 | Noticed Flugkiller's illusion
 56265 | Spider:4 | Killed Mara
 57898 | Spider:4 | Reached skill level 10 in Hexes
 58197 | Spider:4 | Learned a level 4 spell: Cause Fear
 58973 | Spider:4 | Got a gossamer rune of Zot
 59499 | Shoals:1 | Entered Level 1 of the Shoals
 60925 | Shoals:1 | Learned a level 3 spell: Confusing Touch
 60947 | Shoals:2 | Noticed Louise
 60960 | Shoals:2 | Killed Louise
 61147 | Shoals:2 | Noticed Polyphemus
 61987 | Shoals:2 | Reached skill level 5 in Spellcasting
 62219 | Spider:1 | Killed Wyux's ghost
 62293 | Spider:1 | Identified the ring "Fiusex" {rF+ rN+ SInv} (You found it
                  | on level 1 of the Spider Nest)
 62295 | Spider:1 | Identified the amulet of Guel {+Blink rElec Regen+ Dex+2}
                  | (You found it on level 1 of the Spider Nest)
 64300 | Shoals:4 | Entered Level 4 of the Shoals
 64380 | Shoals:4 | Reached XP level 18. HP: 65/124 MP: 16/25
 64914 | Elf:1    | Entered Level 1 of the Elven Halls
 65329 | Elf:1    | Found Damoo's Book Emporium.
 65361 | Elf:1    | Found Tarph's Antique Armour Boutique.
 65685 | Elf:1    | Identified the Catalogue of Combat Magic
 65865 | Elf:1    | Found Pibafocu's Assorted Antiques.
 65889 | Elf:1    | Found Kolarr's Weapon Boutique.
 66323 | Elf:1    | Found Laxkow's Weapon Shop.
 68018 | Elf:2    | Found a huge runed translucent gate.
 68019 | Elf:2    | Found a huge runed translucent gate.
 68023 | Elf:2    | Found a huge runed translucent gate.
 68023 | Elf:2    | Found a huge runed translucent gate.
 68023 | Elf:2    | Found a huge runed translucent gate.
 68381 | Elf:3    | Entered Level 3 of the Elven Halls
 69070 | Elf:3    | Reached XP level 19. HP: 88/128 MP: 20/26
 69244 | Elf:3    | Noticed an Ice Fiend
 69738 | Elf:3    | Identified the amulet "Loymiydu" {Faith +Inv rF+}
 69739 | Elf:3    | Noticed a Brimstone Fiend
 70396 | Elf:3    | Identified the ring "Ladamu" {*Tele MR+}
 70903 | Elf:3    | Identified the cursed +1 broad axe of Qual Ewkuzi {speed,
                  | Str+7}
 70969 | Elf:3    | Identified the cursed +1 scimitar "Etsaikug" {elec, +Inv}
 71000 | Elf:3    | Identified the ring "Lyuxkil" {rPois rN++ Int+4 Stlth-}
 71657 | Vaults:1 | Entered Level 1 of the Vaults
 71712 | Vaults:1 | Found Jap Gur's Magic Scroll Boutique.
 71715 | Vaults:1 | Bought a scroll of blinking for 120 gold pieces
 71715 | Vaults:1 | Bought a scroll of summoning for 152 gold pieces
 71715 | Vaults:1 | Bought a scroll of fear for 56 gold pieces
 71715 | Vaults:1 | Bought a scroll of teleportation for 48 gold pieces
 72028 | Vaults:1 | Noticed Saint Roka
 72386 | Vaults:1 | Killed Saint Roka
 72626 | Vaults:1 | Reached XP level 20. HP: 102/140 MP: 27/27
 73643 | Vaults:1 | Found an iron altar of Okawaru.
 75804 | Elf:1    | Bought a Grand Grimoire for 1324 gold pieces
 78089 | Vaults:2 | Found a staircase to the Crypt.
 78089 | Vaults:2 | Found a basalt altar of Yredelemnul.
 78090 | Vaults:2 | Found an ancient bone altar of Kikubaaqudgha.
 78549 | Vaults:2 | Learned a level 7 spell: Monstrous Menagerie
 78761 | Vaults:3 | Identified the +8 arbalest of Execution {freeze, +Fly
                  | rPois} (You found it on level 3 of the Vaults)
 80825 | Vaults:3 | Reached XP level 21. HP: 77/148 MP: 8/28
 81431 | Vaults:3 | Reached skill level 15 in Summonings
 84010 | Depths:1 | Entered Level 1 of the Depths
 84018 | Depths:1 | Found a portal to a secret trove of treasure.
 84583 | Depths:1 | Found a bloodstained altar of Trog.
 84778 | Depths:1 | Found a one-way gate leading to the halls of Pandemonium.
 84988 | Depths:1 | Noticed Aizul
 85074 | Depths:1 | Killed Aizul
 85081 | Depths:1 | Found Woburuw's Gadget Shop.
 85082 | Depths:1 | Found Tunemigath's Jewellery Shoppe.
 85083 | Depths:1 | Found Riotipy's Gadget Shop.
 85369 | Depths:1 | Found a gateway to Hell.
 86676 | Depths:2 | Noticed Nikola
 86726 | Depths:2 | Noticed a golden dragon
 86730 | Depths:2 | Killed Nikola
 86741 | Depths:2 | Killed a golden dragon
 86830 | Depths:2 | Noticed a caustic shrike
 86971 | Depths:2 | Killed a caustic shrike
 88063 | Depths:2 | Reached XP level 22. HP: 124/154 MP: 16/31
 88770 | Depths:2 | Identified the +6 hunting sling of Disharmony {vorpal, rC+
                  | MR- Str+3}
 88770 | Depths:2 | Identified the +5 scale mail the Burning Ant {rC- rN+
                  | Dex+3}
 90658 | Depths:3 | Noticed Sojobo
 91368 | Depths:3 | Noticed Boris
 91384 | Depths:3 | Killed Boris
 92615 | Depths:3 | Reached skill level 15 in Fighting
 93348 | Depths:3 | Killed Sojobo
 94292 | Shoals:4 | Reached XP level 23. HP: 114/165 MP: 32/32
 94698 | Shoals:4 | Reached skill level 10 in Evocations
 94833 | Shoals:4 | Reached skill level 1 in Translocations
 94842 | Shoals:4 | Identified Esinon's Catalogue of Ignition and Arcane
                  | Weapons
 95614 | Shoals:4 | Got a barnacled rune of Zot
 95734 | Shoals:4 | Reached skill level 5 in Translocations
 98007 | Depths:4 | Identified the +1 spear of War {drain, Stlth+}
 98749 | Depths:4 | Found a one-way gate to the infinite horrors of the Abyss.
 98916 | Depths:4 | Got a warped great sword
 98917 | Depths:4 | Identified the +4 great sword "Ogrebane" {chaos, MR+} (You
                  | found it on level 4 of the Depths)
 99049 | Depths:4 | Reached skill level 10 in Translocations
 99149 | Depths:5 | Entered Level 5 of the Depths
 99674 | Depths:5 | Noticed a golden dragon
 99684 | Depths:5 | Killed a golden dragon
 99930 | Depths:5 | Found a gateway to a ziggurat.
100373 | Depths:5 | Found a gate to the Realm of Zot.
100373 | Depths:5 | Noticed a golden dragon
100758 | Depths:5 | Learned a level 7 spell: Malign Gateway
100816 | Depths:5 | Killed a golden dragon
100816 | Depths:5 | Reached XP level 24. HP: 92/171 MP: 25/32
101504 | Depths:4 | Voluntarily entered the Abyss.
101763 | Abyss:3  | Found a shimmering blue altar of Sif Muna.
101763 | Abyss:3  | Found a broken altar of Ashenzari.
101763 | Abyss:3  | Found a glowing silver altar of Zin.
101763 | Abyss:3  | Found an ornate altar of the Wu Jian Council.
101763 | Abyss:3  | Found an ancient bone altar of Kikubaaqudgha.
101763 | Abyss:3  | Found a bloodstained altar of Trog.
101767 | Abyss:3  | Found an ancient bone altar of Kikubaaqudgha.
101773 | Abyss:3  | Found a bloodstained altar of Trog.
101773 | Abyss:3  | Gained mutation: Your magical capacity is low. (-10% MP) [a
                  | neqoxec]
101774 | Abyss:3  | Found a snail-covered altar of Cheibriados.
101774 | Abyss:3  | Found a stormy altar of Qazlal.
101774 | Abyss:3  | Found an opulent altar of Gozag.
101774 | Abyss:3  | Found a shimmering altar of Xom.
101822 | Abyss:3  | Reached skill level 5 in Stealth
102241 | Abyss:4  | Found a hazy altar of Hepliaklqana.
102257 | Abyss:4  | Got an abyssal rune of Zot
102266 | Abyss:4  | Found an opulent altar of Gozag.
102281 | Depths:4 | Escaped the Abyss
102625 | Zot:1    | Entered Level 1 of the Realm of Zot
102988 | Zot:1    | Reached skill level 10 in Stealth
104230 | Zot:3    | Noticed a curse toe
104249 | Zot:3    | Killed a curse toe
104536 | Zot:5    | Entered Level 5 of the Realm of Zot
104571 | Zot:5    | Killed from afar by a golden dragon

Illustrated notes

Levels and vault maps discovered:
D:1:      dpeg_arrival_tiny_h, layout_basic
D:2:      layout_loops_ring, lemuel_round_altar, marbit_many_paths,
          minmay_increasing_density, uniq_natasha, uniq_sigmund
D:3:      layout_basic, st_stairs_11
D:4:      layout_gridville, minmay_overflow_temple_hex
D:5:      layout_basic, zin_academy, lemuel_coloured_pillars_altar,
          serial_shops, nicolae_shop_waterfront, minmay_misc_feat_ornament,
          uniq_blork_the_orc
D:6:      layout_basic, minmay_temple_entry_offerings, uniq_grinder
D:7:      layout_basic
D:8:      layout_basic, vehumet_crystals, minmay_alternating_orb, uniq_psyche,
          uniq_pikel
D:9:      layout_basic
D:10:     layout_small_grid, dpeg_lair_monsters, basic_altar
D:11:     layout_loops_ring
D:12:     minmay_spotlight, layout_irregular_city, erik_orc_1, minmay_evil_grid,
          uniq_kirke
D:13:     minmay_the_grid_triangle_9x9_rhombus_full
          [minmay_the_grid_triangle_9x9_corruption,
          minmay_the_grid_triangle_9x9_negative_grid,
          minmay_the_grid_triangle_9x9_from_above,
          minmay_the_grid_triangle_9x9_swiss_cheese,
          minmay_the_grid_triangle_9x9_fully_insulated_deathbox,
          minmay_the_grid_triangle_9x9_intruding_spiral,
          minmay_the_grid_triangle_9x9_empty,
          minmay_the_grid_triangle_9x9_prize_schism], layout_layer_cave,
          uniq_rupert
D:14:     layout_stronghold, minmay_door_square, hex_large,
          chequers_serial_rivers_small_a, kennysheep_generic_room_10
D:15:     hangedman_depths_entry_try_elsewhere_first, layout_irregular_city,
          minmay_misc_feat_hallway
Lair:1:   layout_roguey, minivault_19, minivault_25
Lair:2:   layout_small_grid, serial_bayou_shore_a, uniq_harold
Lair:3:   layout_roguey, elwin_shoals_entry_stream, spider_nest_entry_rubble,
          zaba_anthole
Lair:4:   layout_long_grid, disabler_island, grunt_megastairs_2,
          serial_bayou_shore_b, infiniplex_staircase_pool
Lair:5:   layout_cave_pods, minmay_lair_oklob_chamber
Lair:6:   hangedman_lair_in_review, layout_regular_city,
          hangedman_lair_caniforms_friends, dpeg_slime_entry_enclosed_altar,
          nicolae_volcano_entry_s_turn
Shoals:1: layout_shoals
Shoals:2: layout_shoals, uniq_louise, uniq_polyphemus
Shoals:3: layout_shoals
Shoals:4: shoals_end_simple, layout_shoals, nicolae_shoals_hunting_party
Spider:1: layout_chambers, gammafunk_ghost_berserking_beasts
Spider:2: layout_chambers, uniq_arachne, uniq_jorgrun
Spider:3: layout_spider_delve
Spider:4: spider_rune_water, uniq_agnes, uniq_mara
Orc:1:    layout_caves
Orc:2:    st_orc_mages, layout_diamond_mine, gammafunk_ghost_necromancy,
          basic_altar, serial_shops, shop_fountains, nicolae_orc_tapped_out
Elf:1:    minmay_elf_arrival_circle, layout_gridlike, serial_shops,
          shop_fountains, shop, shop, shop, shop, minmay_elf_annihilation
Elf:2:    layout_loops_corners
Elf:3:    nooodl_elf_gasket, layout_onion_city
Vaults:1: vaults_dpeg_cross, nicolae_vaults_mini_display_case,
          hangedman_vaults_stretched_pinwheel, v_rooms_1,
          nicolae_vaults_big_angled_halls, ontoclasm_vaults_bender,
          nicolae_vaults_stairing_the_circle, v_misc_31, vaults_dpeg_ring,
          grunt_vaults_swirl, nicolae_vaults_little_squares_6,
          hangedman_vaults_stretched_pinwheel, layout_vaults_ring, basic_altar,
          serial_shops, shop_statue, uniq_saint_roka
Vaults:2: minmay_crypt_entry_necro_gods, v_misc_2,
          nicolae_vaults_network_quincunx
          [nicolae_vaults_network_quincunx_subvault,
          nicolae_vaults_network_quincunx_subvault,
          nicolae_vaults_network_quincunx_subvault,
          nicolae_vaults_network_quincunx_subvault,
          nicolae_vaults_network_quincunx_subvault], nicolae_vaults_big_ls,
          nicolae_vaults_murderbox, vaults_room_door_hall, v_pattern_3,
          nicolae_vaults_alarming, layout_vaults_big_room
Vaults:3: ontoclasm_vaults_decontamination, nicolae_vaults_twisting_passages,
          ontoclasm_vaults_shuriken, hangedman_vaults_maws,
          nicolae_vaults_quartermaster, nicolae_vaults_yaktaur_gun_rack,
          v_misc_3, vaults_room_pool, layout_vaults_omnigrid
Vaults:4: v_alt_pattern_1, serial_ice_g, ontoclasm_vaults_idyll, v_misc_15,
          vaults_mumra_chevron, nicolae_vaults_little_squares_5, v_pattern_4,
          grunt_vaults_trifunnel, grunt_vaults_hallway_short, v_misc_4,
          vaults_room_stairs_pillars, layout_vaults_omnibox
Depths:1: layout_roguey, hell_entry, rand_demon_pan_entry_3, enter_trove_2,
          minmay_misc_feat_plants, evilmike_spriggan_trog_shrine,
          minmay_shop_grove, uniq_aizul
Depths:2: minmay_heptahexagon, layout_basic, pf_vacation_house_of_asmodeus,
          pan_entry, uniq_nikola
Depths:3: minmay_box_of_statues, layout_cave_pools, hell_entry,
          rand_demon_pan_entry_4, uniq_sojobo, uniq_boris
Depths:4: minmay_eyes, layout_basic, abyss_entry, hell_entry,
          minmay_misc_feat_more_columns
Depths:5: grunt_twist_and_shout, layout_gridville, enter_ziggurat_f,
          serial_co_window_serial, co_window_of_opportunity_a,
          co_window_paths_a, co_window_of_opportunity_a, co_window_paths_a,
          co_window_corner_a, co_window_paths_a, co_window_paths_b,
          co_window_unsneaky_path_b, co_window_2corner, co_window_broadway_a,
          co_window_corner_b, glass_columns_a, glass_columns_a, glass_columns_a,
          hell_entry, uniq_mennas
Zot:1:    layout_misc_corridors, lemuel_golem_globe
Zot:2:    gammafunk_mikee_crab_dinner, layout_cellular_growth
Zot:3:    layout_gridlike
Zot:4:    layout_gridlike
Zot:5:    layout_cathedral_of_symmetry, st_stairs_12

Skill      XL: |  1  2  3  4  5  6  7  8  9 10 11 12 13 14 15 16 17 18 19 20 21 22 23 24 |
---------------+-------------------------------------------------------------------------+-----
Dodging        | 1 2 4 5 6 9 11 13 14 15 16 17 18 20 | 20.0
Stealth        | 3 10 | 10.0
Evocations     | 2 5 7 8 9 10 12 | 12.0
Axes           | 4 5 8 12 14 16 17 19 20 | 20.0
Fighting       | 3 4 5 6 7 8 10 11 13 14 16 | 16.6
Ice Magic      | 6 9 |  9.0
Spellcasting   | 2 3 4 5 6 |  6.0
Summonings     | 6 9 12 14 16 | 16.5
Hexes          | 7 10 | 10.0
Translocations | 12 | 12.0
Earth Magic    | |  2.0

Action                   |  1- 3 |  4- 6 |  7- 9 | 10-12 | 13-15 | 16-18 | 19-21 | 22-24 || total
-------------------------+-------+-------+-------+-------+-------+-------+-------+-------++-------
Melee: Hand axe          |    57 |    73 |   316 |   166 |       |       |       |       ||   612
       Tentacles         |     8 |    20 |    53 |   121 |   246 |   289 |   440 |   441 ||  1618
       Constrict         |    14 |    29 |    67 |    97 |   129 |   254 |   182 |   164 ||   936
       War axe           |       |    22 |     3 |       |       |       |       |       ||    25
       Battleaxe         |       |       |       |   408 |   924 |  1084 |  1285 |  1313 ||  5014
Throw: Boomerang         |     2 |     3 |       |     2 |       |       |       |       ||     7
       Stone             |     2 |       |       |       |       |       |       |       ||     2
       Dart              |       |     2 |    16 |    24 |    13 |       |       |     1 ||    56
 Cast: Frozen Ramparts   |       |       |       |     7 |    29 |     1 |       |       ||    37
       Summon Ice Beast  |       |       |       |    17 |    98 |    12 |       |     1 ||   128
       Summon Mana Viper |       |       |       |       |     8 |   192 |    53 |    15 ||   268
       Summon Forest     |       |       |       |       |       |    23 |     5 |     5 ||    33
       Cause Fear        |       |       |       |       |       |     1 |     1 |       ||     2
       Monstrous Menager |       |       |       |       |       |       |    75 |    67 ||   142
       Confusing Touch   |       |       |       |       |       |       |     3 |     1 ||     4
       Malign Gateway    |       |       |       |       |       |       |       |     1 ||     1
Invok: Lunge             |       |     7 |    34 |    50 |    85 |   137 |   130 |   133 ||   576
       Whirlwind         |       |       |     3 |    35 |   115 |   133 |    98 |   100 ||   484
       Serpent's Lash    |       |       |       |     8 |    23 |    30 |    26 |    27 ||   114
       Heavenly Storm    |       |       |       |       |     1 |     2 |       |       ||     3
 Abil: Evoke Invisibilit |       |       |       |       |       |       |     4 |    15 ||    19
Evoke: Wand              |     2 |     4 |     5 |     9 |    14 |    12 |     2 |    19 ||    67
       Phantom mirror    |       |       |       |       |     1 |     1 |       |     1 ||     3
       Condenser vane    |       |       |       |       |       |     2 |     1 |     3 ||     6
       Box of beasts     |       |       |       |       |       |       |     1 |       ||     1
  Use: Scroll            |       |       |    13 |    14 |     8 |    15 |     8 |    19 ||    77
       Potion            |       |       |     1 |       |       |    15 |     8 |     5 ||    29
 Stab: Sleeping          |     6 |     7 |    21 |    13 |    28 |    36 |    35 |    11 ||   157
       Paralysed         |     2 |     6 |    19 |    12 |     6 |       |     1 |     4 ||    50
       Distracted        |       |     2 |     1 |     3 |     3 |    22 |    31 |    26 ||    88
       Invisible         |       |       |       |       |       |       |    12 |    46 ||    58
       Confused          |       |       |       |       |       |       |     4 |       ||     4
Armor: Skin              |     4 |     4 |    17 |     7 |    22 |    34 |    51 |    67 ||   206
Dodge: Dodged            |    33 |    53 |   181 |   382 |   844 |   863 |   795 |   979 ||  4130

Table legend: (Time is in decaauts)
 A = Elapsed time spent in this place.
 B = Non-inter-level travel time spent in this place.
 C = Inter-level travel time spent in this place.
 D = Time resting spent in this place.
 E = Time spent auto-exploring this place.
 F = Levels seen in this place.
 G = Mean time per level.
                   A        B        C        D        E       F      G
               +--------+--------+--------+--------+--------+-----+--------+
         Total | 104061 |  96707 |   7354 |  39289 |  32296 |  53 | 1963.4 |
       Dungeon |  29897 |  26648 |   3249 |   8795 |  10306 |  15 | 1993.1 |
          Lair |  14867 |  13713 |   1154 |   5627 |   5565 |   6 | 2477.8 |
        Shoals |   6883 |   6582 |    301 |   2639 |   2017 |   4 | 1720.8 |
   Spider Nest |  13805 |  12938 |    867 |   7997 |   1781 |   4 | 3451.2 |
  Orcish Mines |   2856 |   2611 |    245 |    508 |   1150 |   2 | 1428.0 |
   Elven Halls |   6475 |   6128 |    347 |   1771 |   2277 |   3 | 2158.3 |
        Vaults |  11377 |  10945 |    432 |   3234 |   5759 |   4 | 2844.2 |
        Depths |  14482 |  13821 |    661 |   7298 |   3197 |   5 | 2896.4 |
           Zot |   1912 |   1816 |     96 |    933 |    116 |   5 |  382.4 |
         Abyss |    737 |    737 |      0 |    179 |     87 |   4 |  184.2 |
       Volcano |    768 |    768 |      0 |    307 |     41 |   1 |  768.0 |
               +--------+--------+--------+--------+--------+-----+--------+

Top non-repeatable levels by time:
Spider:4: 5159 daAuts
  Lair:6: 4989 daAuts
Spider:2: 4239 daAuts
Depths:2: 3998 daAuts
    D:12: 3883 daAuts
Depths:4: 3838 daAuts
Spider:1: 3448 daAuts
    D:15: 3213 daAuts
     D:9: 3193 daAuts
    D:14: 3130 daAuts
Vaults:2: 3128 daAuts
   Elf:3: 3080 daAuts
Vaults:1: 3074 daAuts
Vaults:3: 3026 daAuts
Depths:3: 2803 daAuts
